 Dungeon Crawl Stone Soup version 0.28-a0-390-gb254ac4902 (webtiles) character file.

Game seed: 48951287388747893

102 bande the Covered (level 4, 0/29 HPs)
             Began as a Gargoyle Fighter on Sept 3, 2021.
             Slain by a gnoll (10 damage)
             ... on level 3 of the Dungeon.
             The game lasted 00:03:33 (1586 turns).

bande the Covered (Gargoyle Fighter)                Turns: 1586, Time: 00:03:33

Health: 0/29       AC: 10    Str: 25    XL:     4   Next: 77%
Magic:  4/4        EV: 10    Int:  9    God:
Gold:   100        SH:  4    Dex: 10    Spells: 3/3 levels left

rFire   . . .      SeeInvis .   a - +1 war axe
rCold   . . .      Faith    .   c - +0 buckler
rNeg    + . .      Spirit   .   b - +0 scale mail
rPois   ∞          Reflect  .   (no helmet)
rElec   +          Harm     .   (no cloak)
rCorr   .          Rampage  .   (no gloves)
Will    .....                   (no boots)
Stlth   ..........              (no amulet)
HPRegen 0.09/turn               g - +6 ring of strength
MPRegen 0.09/turn               (no ring)

@: no status effects
A: sickness immunity, AC +3, negative energy resistance 1, electricity
resistance, torment resistance 1, petrification resistance
a: no special abilities


You were on level 3 of the Dungeon.
You visited 1 branch of the dungeon, and saw 3 of its levels.

You collected 100 gold pieces.

Inventory:

Hand Weapons
 a - a +1 war axe (weapon)
 i - a +0 war axe
 l - a +0 flail
Armour
 b - a +0 scale mail (worn)
 c - a +0 buckler (worn)
Jewellery
 g - a +6 ring of strength (left hand)
 h - an amulet of magic regeneration
Scrolls
 e - 2 scrolls of identify
 j - a scroll of amnesia
 k - a scroll of fog {unknown}
 m - a scroll of torment {unknown}
Potions
 d - a potion of might
 f - a potion of curing


   Skills:
 + Level 3.7 Fighting
 + Level 3.0 Axes
 + Level 4.2 Armour
 + Level 0.2 Dodging
 + Level 3.8 Shields


You had 3 spell levels left.
You didn't know any spells.
Your spell library was empty.

Dungeon Overview and Level Annotations

Branches:
Dungeon (3/15)

Altars:


Innate Abilities, Weirdness & Mutations

You are immune to sickness and miasma.
Your stone body is resilient. (AC +3)
You are immune to poison.
You resist negative energy. (rN+)
You are resistant to electric shocks. (rElec)
You are resistant to unholy torment.
You are immune to petrification.


Message History

There is a stone staircase leading up here.
A hobgoblin comes into view.
The hobgoblin shouts!
Found a stone staircase leading up.
You block the hobgoblin's attack.
You hit the hobgoblin but do no damage. The hobgoblin closely misses you.
You closely miss the hobgoblin. The hobgoblin hits you.
You hit the hobgoblin.
You kill the hobgoblin!
No target in view!
No target in view!
No target in view!
No target in view!
No target in view!
As you read the scroll labelled GUAMEHITIL, it crumbles to dust.
It is a scroll of amnesia.
You feel forgetful for a moment.
As you read the scroll labelled NOYREAKKOR, it crumbles to dust.
You feel aware of your surroundings.
It was a scroll of magic mapping.
HP restored.
k - a scroll labelled GOOREU ZADUSU
Found a stone staircase leading down.
m - a scroll labelled RASAALEULU A gnoll comes into view.
It is wielding a +0 halberd.
The gnoll shouts!
You hear a shout! x3
A gnoll comes into view.
It is wielding a +1 flail of protection.
The gnoll throws a throwing net.
The throwing net hits you.
You become entangled in the net!
You see here a throwing net.
You are held in a net!
Unknown command.
You struggle against the net.
You struggle against the net.
The gnoll hits you from afar with a +0 halberd!
You shred the net and break free!
The gnoll hits you from afar with a +0 halberd!
Your scale mail prevents you from hitting the gnoll.
The gnoll closely misses you.
The gnoll hits you from afar with a +0 halberd!
You die...

*,* *,* #...# *,*
*,* ###.# *,* *,*
#.# *,* *,* #.# *,*
*,* #.# *,* ****,*
#.# *,* #,,,,* #.#
*,* ##>########.#
*,* #..g@.......#
*,******
#.g##########
*,,,,,,* #.,*
******,*****#,,****
*,,,,,,,,,,,,* ***
*,,*****,,**,* ,,*
*,,* *,,**,*
*,****,,** *,,**,*
,,,,,,,,,****,,,,,*


You could see 2 gnolls.

Vanquished Creatures
  3 gnolls (D:2)
  2 adders (D:2)
  3 dart slugs (D:2)
  5 bats
  2 endoplasms
  A giant cockroach (D:2)
  5 goblins
  6 hobgoblins
  7 jackals
  6 ball pythons
  2 frilled lizards
  A kobold (D:2)
  3 rats
46 creatures vanquished.

Notes
Turn   | Place    | Note
-------+----------+-------------------------------------------
     0 | D:1      | bande the Gargoyle Fighter began the quest for the Orb.
     0 | D:1      | Reached XP level 1. HP: 14/14 MP: 1/1
   182 | D:1      | Found a faded altar of an unknown god.
   241 | D:1      | Reached XP level 2. HP: 19/19 MP: 2/2
   717 | D:2      | Reached XP level 3. HP: 21/23 MP: 3/3
  1006 | D:2      | Reached XP level 4. HP: 29/29 MP: 4/4
  1162 | D:2      | Reached skill level 4 in Armour
  1586 | D:3      | Slain by a gnoll

Illustrated notes

Levels and vault maps discovered:
D:1:      erik_arrival_orb_chamber, layout_rooms,
          shapermc_ecumenical_altar_starsandcircs
D:2:      layout_basic, minmay_pentomino_x2
D:3:      layout_loops_ring, minmay_box_of_dots

Skill      XL: |  1  2  3  4 |
---------------+-------------+-----
Axes           | 2 3 |  3.0
Armour         | 4 |  4.2
Fighting       | |  3.7
Dodging        | |  0.2
Shields        | |  3.8

Action                   |  1- 3 |  4- 6 || total
-------------------------+-------+-------++-------
Melee: War axe           |    95 |    37 ||   132
  Use: Scroll            |     2 |     2 ||     4
Armor: Scale mail        |    60 |    10 ||    70
Dodge: Dodged            |    59 |    23 ||    82
Block: Buckler           |    20 |    10 ||    30

Table legend: (Time is in decaauts)
 A = Elapsed time spent in this place.
 B = Non-inter-level travel time spent in this place.
 C = Inter-level travel time spent in this place.
 D = Time resting spent in this place.
 E = Time spent auto-exploring this place.
 F = Levels seen in this place.
 G = Mean time per level.
                   A        B        C        D        E       F      G
               +--------+--------+--------+--------+--------+-----+--------+
         Total |   1639 |   1639 |      0 |      0 |   1251 |   3 |  546.3 |
       Dungeon |   1639 |   1639 |      0 |      0 |   1251 |   3 |  546.3 |
               +--------+--------+--------+--------+--------+-----+--------+

Top non-repeatable levels by time:
     D:2: 813 daAuts
     D:1: 739 daAuts
     D:3: 86 daAuts
